TOP OF THE 1ST |
Texas Rangers batting - Pitching for Oakland Athletics : LHP Gerald Tyler
|
Pitching: LHP Gerald Tyler
|
|
Batting: LHB Lenny Dykstra
|
0-0: Bunt missed! 0-1: Ball 1-1: SINGLE (Groundball, 6MS, EV 67.5 MPH) (infield hit)
|
Batting: RHB Kirby Puckett
|
0-0: Called Strike 0-1: Called Strike 0-2: Fly out, F6 (Popup, 56, EV 56.9 MPH)
|
Batting: RHB Steve Balboni
|
0-0: Ball 1-0: Ball 2-0: Ball 3-0: Called Strike 3-1: Called Strike 3-2: Fly out, F7 (Flyball, 78M, EV 81.9 MPH)
|
Batting: RHB Steve Garvey
|
0-0: Ball 1-0: Called Strike 1-1: Ball 2-1: Fly out, F9 (Line Drive, 9, EV 98.8 MPH)
|
Top of the 1st over - 0 runs, 1 hit, 0 errors, 1 left on base; Texas 0 - Oakland 0 |
BOTTOM OF THE 1ST |
Oakland Athletics batting - Pitching for Texas Rangers : RHP Jeff Byrd
|
Pitching: RHP Jeff Byrd
|
|
Batting: SHB Mike Turgeon
|
0-0: Fly out, F7 (Flyball, 78D, EV 96.3 MPH)
|
Batting: LHB Ruppert Jones
|
0-0: Ball 1-0: Called Strike 1-1: Ball 2-1: Ball 3-1: Fly out, F7 (Flyball, 7S, EV 82.5 MPH)
|
Batting: RHB Dave Henderson
|
0-0: Called Strike 0-1: Ball 1-1: Called Strike 1-2: Ball 2-2: SINGLE (Groundball, 6MD, EV 102.5 MPH)
|
Batting: LHB Reggie Jackson
|
0-0: Foul Ball, location: 2F 0-1: SINGLE (Flyball, 8RS, EV 91.9 MPH) Dave Henderson to second Runner from 2nd tries for 3rd, SAFE, throw by CF made to third
|
Batting: RHB George Hendrick
|
0-0: Fly out, F9 (Flyball, 9D, EV 93.8 MPH)
|
Bottom of the 1st over - 0 runs, 2 hits, 0 errors, 2 left on base; Texas 0 - Oakland 0 |
TOP OF THE 2ND |
Texas Rangers batting - Pitching for Oakland Athletics : LHP Gerald Tyler
|
Batting: LHB Jody Helser
|
0-0: Foul Ball, location: 2F 0-1: Swinging Strike 0-2: Foul Ball, location: 2F 0-2: Foul Ball, location: 2F 0-2: Foul Ball, location: 2F 0-2: Foul Ball, location: 2F 0-2: Strikes out swinging, 2-3 out at first.
|
Batting: RHB Rich Dauer
|
0-0: Fly out, F9 (Flyball, 89D, EV 97.5 MPH)
|
Batting: LHB Ernie Whitt
|
0-0: Ground out U3 (Groundball, 3, EV 84.4 MPH)
|
Top of the 2nd over - 0 runs, 0 hits, 0 errors, 0 left on base; Texas 0 - Oakland 0 |
BOTTOM OF THE 2ND |
Oakland Athletics batting - Pitching for Texas Rangers : RHP Jeff Byrd
|
Batting: RHB Earl C Williams
|
0-0: Called Strike 0-1: Ball 1-1: Foul Ball, location: 2F 1-2: Strikes out swinging
|
Batting: LHB Ben Oglivie
|
0-0: Ball 1-0: Ball 2-0: Fly out, F6 (Flyball, 6MD, EV 83.8 MPH)
|
Batting: RHB Barry Evans
|
0-0: Called Strike 0-1: Ball 1-1: Ball 2-1: Ball 3-1: Called Strike 3-2: SOLO HOME RUN (Flyball, 7D, EV 93.1 MPH), Distance : 394 ft
|
Batting: RHB Fred Andrews
|
0-0: Ball 1-0: Ball 2-0: Foul Ball, location: 2F 2-1: Foul Ball, location: 2F 2-2: Ball 3-2: Foul Ball, location: 2F 3-2: Strikes out swinging
|
Bottom of the 2nd over - 1 run, 1 hit, 0 errors, 0 left on base; Texas 0 - Oakland 1 |
TOP OF THE 3RD |
Texas Rangers batting - Pitching for Oakland Athletics : LHP Gerald Tyler
|
Batting: RHB Kim Andrew
|
0-0: Foul Ball, location: 2F 0-1: Ball 1-1: Ball 2-1: SINGLE (Groundball, 4S, EV 71.9 MPH) (infield hit)
|
Batting: RHB Juan Samuel
|
0-0: Swinging Strike 0-1: Called Strike 0-2: Ball 1-2: Strikes out swinging
|
Batting: LHB Lenny Dykstra
|
0-0: Fielders Choice at 2nd, 4-6 (Groundball, 34, EV 111.3 MPH)
|
Batting: RHB Kirby Puckett
|
0-0: Called Strike 0-1: Fly out, F9 (Flyball, 9D, EV 88.8 MPH)
|
Top of the 3rd over - 0 runs, 1 hit, 0 errors, 1 left on base; Texas 0 - Oakland 1 |
BOTTOM OF THE 3RD |
Oakland Athletics batting - Pitching for Texas Rangers : RHP Jeff Byrd
|
Batting: SHB Mike Turgeon
|
0-0: Ball 1-0: Ball 2-0: SINGLE (Line Drive, 78S, EV 96.9 MPH)
|
Batting: LHB Ruppert Jones
|
0-0: Called Strike Mike Turgeon steals 2nd base 0-1: Ball 1-1: SINGLE (Groundball, 25, EV 67.5 MPH) (infield hit) Mike Turgeon to third
|
Batting: RHB Dave Henderson
|
0-0: Called Strike 0-1: Called Strike 0-2: Fly out, F4 (Flyball, 4D, EV 77.5 MPH)
|
Batting: LHB Reggie Jackson
|
0-0: Reached on error, E4 (Groundball, 34D, EV 88.1 MPH) Mike Turgeon scores Ruppert Jones to second
|
Batting: RHB George Hendrick
|
0-0: Ball 1-0: Called Strike 1-1: Foul Ball, location: 2F 1-2: Foul Ball, location: 2F 1-2: Foul Ball, location: 2F 1-2: Foul Ball, location: 2F 1-2: Ball 2-2: Foul Ball, location: 2F 2-2: SINGLE (Line Drive, 89S, EV 95.0 MPH) Ruppert Jones to third Reggie Jackson to second Runner from 3rd tries for Home, SAFE, throw by RF to home
|
Batting: RHB Earl C Williams
|
0-0: Foul Ball, location: 2F 0-1: Ball 1-1: Foul Ball, location: 2F 1-2: Ball 2-2: Foul Ball, location: 2F 2-2: Ball 3-2: Foul Ball, location: 2F 3-2: Base on Balls Reggie Jackson to third George Hendrick to second
|
Batting: LHB Ben Oglivie
|
0-0: Called Strike 0-1: Ball 1-1: Called Strike 1-2: Strikes out swinging
|
Batting: RHB Barry Evans
|
0-0: Foul Ball, location: 2F 0-1: SINGLE (Groundball, 4MD, EV 100.6 MPH) Reggie Jackson scores George Hendrick to third Earl C Williams to second Runner from 3rd tries for Home, SAFE, throw by CF to home
|
Batting: RHB Fred Andrews
|
0-0: Swinging Strike 0-1: Ball 1-1: Swinging Strike 1-2: Strikes out swinging
|
Bottom of the 3rd over - 4 runs, 4 hits, 1 error, 2 left on base; Texas 0 - Oakland 5 |
TOP OF THE 4TH |
Texas Rangers batting - Pitching for Oakland Athletics : LHP Gerald Tyler
|
Batting: RHB Steve Balboni
|
0-0: Called Strike 0-1: Ball 1-1: Called Strike 1-2: Foul Ball, location: 2F 1-2: Ball 2-2: Strikes out swinging
|
Batting: RHB Steve Garvey
|
0-0: Swinging Strike 0-1: Ground out 3-1 (Groundball, 34, EV 86.3 MPH)
|
Batting: LHB Jody Helser
|
0-0: Called Strike 0-1: Ball 1-1: Ball 2-1: Swinging Strike 2-2: Strikes out swinging
|
Top of the 4th over - 0 runs, 0 hits, 0 errors, 0 left on base; Texas 0 - Oakland 5 |
BOTTOM OF THE 4TH |
Oakland Athletics batting - Pitching for Texas Rangers : RHP Jeff Byrd
|
Batting: SHB Mike Turgeon
|
0-0: Foul Ball, location: 2F 0-1: Ground out 6-3 (Groundball, 6, EV 78.8 MPH)
|
Batting: LHB Ruppert Jones
|
0-0: Ball 1-0: Foul Ball, location: 5F, Error on foul ball, E5 1-1: Called Strike 1-2: Ball 2-2: Foul Ball, location: 2F 2-2: Ball 3-2: Strikes out swinging
|
Batting: RHB Dave Henderson
|
0-0: Called Strike 0-1: Called Strike 0-2: Foul Ball, location: 2F 0-2: Hit by Pitch
|
Batting: LHB Reggie Jackson
|
0-0: Foul Ball, location: 2F 0-1: Foul Ball, location: 2F 0-2: Ball 1-2: SINGLE (Flyball, 4MD, EV 86.9 MPH) Dave Henderson to second
|
Batting: RHB George Hendrick
|
0-0: DOUBLE (Line Drive, 5D, EV 105.0 MPH) Dave Henderson scores Reggie Jackson to third Runner from 3rd tries for Home, SAFE, throw by LF to trailing runner, SAFE at third!
|
Pitching: RHP Ed Lynch
|
|
Batting: RHB Earl C Williams
|
0-0: Swinging Strike 0-1: Ground out 5-3 (Groundball, 56S, EV 68.1 MPH)
|
Bottom of the 4th over - 2 runs, 2 hits, 1 error, 1 left on base; Texas 0 - Oakland 7 |
TOP OF THE 5TH |
Texas Rangers batting - Pitching for Oakland Athletics : LHP Gerald Tyler
|
Batting: RHB Rich Dauer
|
0-0: Ball 1-0: Fly out, F9 (Flyball, 89M, EV 93.1 MPH)
|
Batting: LHB Ernie Whitt
|
0-0: Ball 1-0: Called Strike 1-1: Ball 2-1: Ball 3-1: Foul Ball, location: 2F 3-2: Strikes out swinging
|
Batting: RHB Kim Andrew
|
0-0: Foul Ball, location: 2F 0-1: Foul Ball, location: 2F 0-2: Ball 1-2: Foul Ball, location: 2F 1-2: Foul Ball, location: 2F 1-2: Strikes out swinging
|
Top of the 5th over - 0 runs, 0 hits, 0 errors, 0 left on base; Texas 0 - Oakland 7 |
BOTTOM OF THE 5TH |
Oakland Athletics batting - Pitching for Texas Rangers : RHP Ed Lynch
|
Batting: LHB Ben Oglivie
|
0-0: Called Strike 0-1: Ball 1-1: Ground out 4-3 (Groundball, 4, EV 82.5 MPH)
|
Batting: RHB Barry Evans
|
0-0: Ball 1-0: Ball 2-0: Ball 3-0: Called Strike 3-1: Swinging Strike 3-2: Foul Ball, location: 2F 3-2: Fly out, F4 (Popup, 34S, EV 70.6 MPH)
|
Batting: RHB Fred Andrews
|
0-0: Ball 1-0: Ball 2-0: Swinging Strike 2-1: Foul Ball, location: 2F 2-2: Ball 3-2: Foul Ball, location: 2F 3-2: Strikes out swinging
|
Bottom of the 5th over - 0 runs, 0 hits, 0 errors, 0 left on base; Texas 0 - Oakland 7 |
TOP OF THE 6TH |
Texas Rangers batting - Pitching for Oakland Athletics : LHP Gerald Tyler
|
Batting: RHB Juan Samuel
|
0-0: Ball 1-0: Foul Ball, location: 2F 1-1: Foul Ball, location: 2F 1-2: Strikes out swinging
|
Batting: LHB Lenny Dykstra
|
0-0: Fly out, F1 (Line Drive, P, EV 66.9 MPH)
|
Batting: RHB Kirby Puckett
|
0-0: Ground out 1-3 (Groundball, 34S, EV 68.8 MPH)
|
Top of the 6th over - 0 runs, 0 hits, 0 errors, 0 left on base; Texas 0 - Oakland 7 |
BOTTOM OF THE 6TH |
Oakland Athletics batting - Pitching for Texas Rangers : RHP Ed Lynch
|
Batting: SHB Mike Turgeon
|
0-0: Foul Ball, location: 2F 0-1: Called Strike 0-2: Strikes out looking
|
Batting: LHB Ruppert Jones
|
0-0: Ball 1-0: SINGLE (Groundball, 15S, EV 71.9 MPH) (infield hit)
|
Batting: RHB Dave Henderson
|
0-0: Ball 1-0: Ball 2-0: Called Strike 2-1: Ball 3-1: Swinging Strike 3-2: Fly out, F9 (Flyball, 9S, EV 86.9 MPH)
|
Batting: LHB Reggie Jackson
|
0-0: Ball 1-0: Ball 2-0: DOUBLE (Line Drive, 7LS, EV 107.5 MPH) Ruppert Jones to third Runner from 3rd tries for Home, SAFE, no throw by LF
|
Batting: RHB George Hendrick
|
0-0: Called Strike 0-1: Fly out, F8 (Flyball, 8RD, EV 95.6 MPH)
|
Bottom of the 6th over - 1 run, 2 hits, 0 errors, 1 left on base; Texas 0 - Oakland 8 |
TOP OF THE 7TH |
Texas Rangers batting - Pitching for Oakland Athletics : LHP Gerald Tyler
|
Batting: RHB Steve Balboni
|
0-0: Ball 1-0: Ball 2-0: Foul Ball, location: 2F 2-1: Ball 3-1: Fly out, F4 (Popup, 4, EV 58.8 MPH)
|
Batting: RHB Steve Garvey
|
0-0: Ball 1-0: Fly out, F4 (Popup, 4S, EV 66.9 MPH)
|
Batting: LHB Jody Helser
|
0-0: Ball 1-0: Called Strike 1-1: Called Strike 1-2: Strikes out looking
|
Top of the 7th over - 0 runs, 0 hits, 0 errors, 0 left on base; Texas 0 - Oakland 8 |
BOTTOM OF THE 7TH |
Oakland Athletics batting - Pitching for Texas Rangers : RHP Ed Lynch
|
Batting: RHB Earl C Williams
|
0-0: Ball 1-0: Swinging Strike 1-1: Called Strike 1-2: Ball 2-2: Ball 3-2: SINGLE (Groundball, 56D, EV 102.5 MPH)
|
Batting: LHB Ben Oglivie
|
0-0: Foul Ball, location: 2F 0-1: Called Strike 0-2: Ball 1-2: Ball Wild Pitch! Earl C Williams to second 2-2: Ball 3-2: Ground out U3 (Groundball, 34, EV 101.3 MPH) Earl C Williams to third
|
Pitching: RHP Williard Kinard
|
|
Pinch Hitting: RHB John Scott
|
0-0: Ball 1-0: Called Strike 1-1: Ground out 4-3 (Groundball, 4M, EV 88.8 MPH) Earl C Williams scores
|
Batting: RHB Fred Andrews
|
0-0: Ball 1-0: Ground out 5-3 (Groundball, 56, EV 83.1 MPH)
|
Bottom of the 7th over - 1 run, 1 hit, 0 errors, 0 left on base; Texas 0 - Oakland 9 |
TOP OF THE 8TH |
Texas Rangers batting - Pitching for Oakland Athletics : LHP Gerald Tyler
|
Now at 3B: John Scott
|
|
Batting: RHB Rich Dauer
|
0-0: Called Strike 0-1: Ball 1-1: Ball 2-1: Fly out, F8 (Line Drive, 8LD, EV 104.4 MPH)
|
Batting: LHB Ernie Whitt
|
0-0: Ball 1-0: Ball 2-0: Called Strike 2-1: Ball 3-1: Base on Balls
|
Batting: RHB Kim Andrew
|
0-0: Called Strike 0-1: Called Strike 0-2: Ball 1-2: Ball 2-2: Grounds into double play, 6-4-3 (Groundball, 6, EV 84.4 MPH)
|
Top of the 8th over - 0 runs, 0 hits, 0 errors, 0 left on base; Texas 0 - Oakland 9 |
BOTTOM OF THE 8TH |
Oakland Athletics batting - Pitching for Texas Rangers : RHP Williard Kinard
|
Batting: SHB Mike Turgeon
|
0-0: Ball 1-0: Swinging Strike 1-1: Ground out 5-3 (Groundball, 56, EV 84.4 MPH)
|
Pinch Hitting: SHB Chico Walker
|
0-0: Called Strike 0-1: Foul Ball, location: 2F 0-2: Ball 1-2: Ball 2-2: Foul Ball, location: 2F 2-2: Foul Ball, location: 2F 2-2: Strikes out swinging
|
Batting: RHB Dave Henderson
|
0-0: Ball 1-0: Called Strike 1-1: Called Strike 1-2: Ball 2-2: Ground out 6-3 (Groundball, P, EV 86.9 MPH)
|
Bottom of the 8th over - 0 runs, 0 hits, 0 errors, 0 left on base; Texas 0 - Oakland 9 |
TOP OF THE 9TH |
Texas Rangers batting - Pitching for Oakland Athletics : LHP Gerald Tyler
|
Now in CF: Chico Walker
|
|
Pinch Hitting: RHB Juan Rodriguez
|
0-0: Called Strike 0-1: Ball 1-1: Foul Ball, location: 2F 1-2: DOUBLE (Line Drive, 89M, EV 93.1 MPH)
|
Batting: LHB Lenny Dykstra
|
0-0: Ball 1-0: SINGLE (Line Drive, 7LS, EV 109.4 MPH) Juan Rodriguez to third
|
Pinch Hitting: RHB Joe Charboneau
|
0-0: Ball 1-0: Ball 2-0: Swinging Strike 2-1: Foul Ball, location: 2F 2-2: Foul Ball, location: 2F 2-2: Foul Ball, location: 2F 2-2: Foul Ball, location: 2F 2-2: Foul Ball, location: 2F 2-2: Strikes out looking
|
Batting: RHB Steve Balboni
|
0-0: Ball 1-0: Fly out, F7 (Flyball, 8LM, EV 88.1 MPH) Runner from 3rd tags up, SCORES, no throw by LF
|
Batting: RHB Steve Garvey
|
0-0: SINGLE (Line Drive, 8RS, EV 94.4 MPH) Lenny Dykstra to second
|
Batting: LHB Jody Helser
|
0-0: Fielders Choice at 2nd, 6-4 (Groundball, 6, EV 80.6 MPH)
|
Top of the 9th over - 1 run, 3 hits, 0 errors, 2 left on base; Texas 1 - Oakland 9 |
|